 Dungeon Crawl Stone Soup version 0.29.1-2-gbd0b4ee654 (webtiles) character file.

Game seed: 5818227838909757582

198 Godmorgon the Trooper (level 6, 0/48 HPs)
             Began as a Formicid Abyssal Knight on Oct 27, 2022.
             Was a Priest of Lugonu.
             Slain by Duvessa
             ... wielding a +2 short sword of electrocution
              (1 damage)
             ... on level 4 of the Dungeon.
             The game lasted 00:09:15 (3035 turns).

Godmorgon the Trooper (Formicid Abyssal Knight)     Turns: 3035, Time: 00:09:16

Health: 0/48       AC: 12    Str: 20    XL:     6   Next: 6%
Magic:  8/8        EV:  4    Int:  9    God:    Lugonu [***...]
Gold:   310        SH: 13    Dex: 14    Spells: 5/5 levels left

rFire   . . .      SeeInvis +   a - +0 morningstar
rCold   . . .      Faith    .   d - +0 kite shield
rNeg    . . .      Spirit   .   j - +0 plate armour
rPois   .          Reflect  +   (helmet unavailable)
rElec   .          Harm     .   (no cloak)
rCorr   .          Rampage  .   (no gloves)
Will    .....                   m - +0 pair of boots
Stlth   ..........              r - amulet of reflection
HPRegen 0.16/turn               (no ring)
MPRegen 0.11/turn               (no ring)

@: attractive, invisible
A: permanent stasis, dig shafts and tunnels, antennae 3, four strong arms
a: Dig, Shaft Self, Renounce Religion, Depart the Abyss, Bend Space, Banish


You were on level 4 of the Dungeon.
You worshipped Lugonu.
Lugonu was most pleased with you.
You visited 1 branch of the dungeon, and saw 4 of its levels.
You visited the Abyss 1 time.

You collected 310 gold pieces.

Inventory:

Hand Weapons
 a - a +0 morningstar (weapon)
Armour
 d - a +0 kite shield (worn)
 j - a +0 plate armour (worn)
 m - a +0 pair of boots (worn)
Magical Staves
 b - a staff of poison
 e - a staff of cold
 k - a staff of fire
Jewellery
 r - an amulet of reflection (around neck)
Scrolls
 c - 5 scrolls of identify {unknown}
 f - a scroll of amnesia {unknown}
 n - a scroll of poison {unknown}
 p - a scroll of butterflies {unknown}
 q - a scroll of enchant weapon {unknown}
 t - a scroll of immolation {unknown}
 w - a scroll of silence {unknown}
Potions
 g - a potion of lignification {unknown}
 h - 2 potions of attraction
 i - a potion of might {unknown}
 l - a potion of heal wounds {unknown}
 o - a potion of resistance {unknown}
 s - a potion of magic {unknown}
 u - a potion of invisibility
 v - a potion of flight {unknown}


   Skills:
 + Level 4.1 Fighting
 * Level 3.4 Maces & Flails
 * Level 2.6 Throwing
 - Level 2.1 Armour
 - Level 0.8 Dodging
 + Level 2.0 Shields
 + Level 3.2 Invocations


You had 5 spell levels left.
You didn't know any spells.
Your spell library was empty.

Dungeon Overview and Level Annotations

Branches:
Dungeon (4/15)             Temple (0/1) D:4

Altars:
Trog
Wu Jian

Annotations:
D:4 Dowan, Duvessa


Innate Abilities, Weirdness & Mutations

You cannot be hasted, slowed, berserked, paralysed or teleported.
You can dig through walls and to a lower floor.
You have a pair of large antennae on your head. (SInv)
Your four strong arms can wield two-handed weapons with a shield.


Message History

Dowan attacks as you move away! Dowan barely misses you.
Dowan gestures at you while chanting. You resist with some effort.
There is a dry fountain here.
Dowan casts a spell at you. You resist with some effort.
There is a staircase to the Ecumenical Temple here.
You closely miss Dowan.
Duvessa says, "When magic and the sword combine, nothing stands against them."
Dowan gestures at Duvessa while chanting.
Duvessa seems to speed up.
Dowan barely misses you.
Press: ? - help, v - describe, . - travel
Here: Dowan, wielding a +0 dagger and wearing a +2 robe of positive energy The floor.
Unknown command.
Okay, then.
You block Duvessa's attack. You block Duvessa's attack.
You block Dowan's attack. Duvessa attacks as you move away!
Duvessa hits you with a +2 short sword of electrocution!
Duvessa attacks as you move away! Duvessa hits you but does no damage.
You block Duvessa's attack.
Dowan mumbles some strange words.
Dowan blinks!
Duvessa attacks as you move away! Duvessa hits you but does no damage.
You are electrocuted!
You block Duvessa's attack. Duvessa attacks as you move away!
Duvessa hits you with a +2 short sword of electrocution.
You are electrocuted!!
* * * LOW HITPOINT WARNING * * *
It was a potion of attraction.
You feel attractive to monsters. You block Duvessa's attack.
Duvessa hits you with a +2 short sword of electrocution.
* * * LOW HITPOINT WARNING * * *
Dowan is attracted toward you.
It was a potion of invisibility.
You fade into invisibility!
Duvessa hits you with a +2 short sword of electrocution.
You die...

#...# ###.### ## ##...#
#. ###..### #. .
#...#### #.
.....##...######### #.
.##>..............#
##### #.
#####...........# #...#
#. #.........@.# #.⌠.#
#.
#.........e.#####...####
#.
#...........e.§........#
#.
#...........#..⌠..>..⌠.#
#.
#...........##.........#
#.
#...........#####...####
#. #...........# #.⌠.#
#. #...####+####
###...### #. ###
######.......#####


You could see Duvessa (fast, unable to see you) and Dowan (unable to see you).

Vanquished Creatures
  A hound (D:4)
  Ijyb (D:3)
  3 gnolls
  5 adders
  3 worms
  2 dart slugs
  An orc (D:3)
  5 bats
  7 endoplasms
  2 goblins (D:3)
  3 hobgoblins (D:1)
  7 kobolds
  5 quokkas
  7 ball pythons
  3 frilled lizards
  4 rats
59 creatures vanquished.

Notes
Turn   | Place    | Note
-------+----------+-------------------------------------------
     0 | Abyss:1  | Godmorgon the Formicid Abyssal Knight began the quest for
                  | the Orb.
     0 | Abyss:1  | Reached XP level 1. HP: 18/18 MP: 2/2
     3 | D:1      | Escaped the Abyss
   205 | D:1      | Reached XP level 2. HP: 24/24 MP: 3/3
   462 | D:1      | Reached skill level 1 in Throwing
   507 | D:1      | Found a faded altar of an unknown god.
   507 | D:1      | Noticed a floating eye
   510 | D:1      | Noticed a golden eye
   514 | D:1      | Noticed a golden eye
   514 | D:1      | Noticed a great orb of eyes
   558 | D:1      | Reached XP level 3. HP: 24/29 MP: 4/4
   978 | D:2      | Reached *** piety under Lugonu
   998 | D:1      | Reached XP level 4. HP: 11/36 MP: 5/5
  1206 | D:2      | Reached skill level 1 in Shields
  1862 | D:3      | Reached XP level 5. HP: 39/42 MP: 7/7
  1982 | D:3      | Noticed Ijyb
  2007 | D:3      | Killed Ijyb
  2239 | D:3      | Reached skill level 4 in Fighting
  2862 | D:4      | Reached XP level 6. HP: 48/48 MP: 8/8
  2926 | D:4      | Found a staircase to the Ecumenical Temple.
  2960 | D:4      | Found an ornate altar of the Wu Jian Council.
  2967 | D:4      | Found a bloodstained altar of Trog.
  3005 | D:4      | Noticed Dowan
  3007 | D:4      | Noticed Duvessa
  3032 | D:4      | HP: 2/48 [Duvessa/+2 short sword of electrocution (20)]
  3035 | D:4      | Slain by Duvessa

Illustrated notes

Levels and vault maps discovered:
D:1:      wander_arrival_peaceful_grave, layout_basic,
          hellmonk_ecumenical_altar_watching_god
D:2:      layout_rooms
D:3:      layout_basic, uniq_ijyb
D:4:      layout_basic, kennysheep_mini_moat, bloody_trog,
          minmay_temple_entry_junction, grunt_decor_clamped, uniq_duvessa

Skill      XL: |  1  2  3  4  5 |
---------------+----------------+-----
Throwing       | 1 2 |  2.6
Shields        | 1 2 |  2.0
Maces & Flails | 3 |  3.4
Invocations    | 3 |  3.2
Fighting       | 4 |  4.1
Armour         | |  2.1
Dodging        | |  0.8

Action                   |  1- 3 |  4- 6 || total
-------------------------+-------+-------++-------
Melee: Mace              |    42 |       ||    42
       Morningstar       |    19 |   122 ||   141
  Use: Potion            |       |     2 ||     2
Armor: Leather armour    |     6 |       ||     6
       Plate armour      |    23 |    76 ||    99
Dodge: Dodged            |    27 |    20 ||    47
Block: Kite shield       |    10 |    67 ||    77
